 Dungeon Crawl Stone Soup version 0.31-a0-832-g3a2c1c66ba (webtiles) character file.

Game seed: 1665699551846882152

67 Essalna the Digger (level 4, -12/24 HPs)
             Began as a Gargoyle Earth Elementalist on Sept 25, 2023.
             Was an Initiate of Vehumet.
             Mangled by an ice beast (13 damage)
             ... on level 5 of the Dungeon.
             The game lasted 00:02:27 (1699 turns).

Essalna the Digger (Gargoyle Earth Elementalist)    Turns: 1699, Time: 00:02:28

Health: -12/24     AC:  5    Str: 11    XL:     4   Next: 16%
Magic:  5/8        EV: 11    Int: 18    God:    Vehumet [......]
Gold:   105        SH:  0    Dex: 10    Spells: 4/8 levels left

rFire   . . .        d - +2 dagger (venom)
rCold   . . .        (no shield)
rNeg    + . .        a - +0 robe
rPois   ∞            (no helmet)
rElec   +            (no cloak)
rCorr   .            (no gloves)
SInv    .            (no boots)
Will    .....        (no amulet)
Stlth   ++           (no ring)
HPRegen 0.24/turn    (no ring)
MPRegen 0.11/turn

%: no passive effects
@: no status effects
A: sickness immunity, AC +3, negative energy resistance 1, electricity
resistance, torment resistance 1, petrification resistance
a: Renounce Religion


You were on level 5 of the Dungeon.
You worshipped Vehumet.
Vehumet was noncommittal.
You visited 1 branch of the dungeon, and saw 4 of its levels.

You collected 105 gold pieces.

Inventory:

Hand Weapons
 d - a +2 dagger of venom (weapon)
Armour
 a - a +0 robe (worn)
Scrolls
 f - 2 scrolls of fog {unknown}
 g - a scroll of enchant weapon {unknown}
 h - a scroll of teleportation {unknown}
 i - a scroll of blinking {unknown}
 j - a scroll of revelation {unknown}
 k - a scroll of fear {unknown}
Potions
 b - a potion of magic
 c - a potion of heal wounds {unknown}
 e - a potion of curing {unknown}


   Skills:
 + Level 0.8 Fighting
 - Level 1.5 Dodging
 - Level 2.1 Stealth
 + Level 2.9 Spellcasting
 + Level 0.8 Conjurations
 - Level 1.0 Transmutations
 + Level 4.7 Earth Magic


You had 4 spell levels left.
You knew the following spells:

 Your Spells              Type           Power      Damage    Failure   Level
a - Sandblast             Erth           38%        2d10      2%          1
b - Stone Arrow           Conj/Erth      24%        3d8       16%         3

Your spell library contained the following spells:

 Spells                   Type           Power      Damage    Failure   Level
 Passwall                 Tmut/Erth      10%        N/A       8%          2
 Brom's Barrelling Bould  Conj/Erth      12%        2d4       45%         4
 Petrify                  Tmut/Erth      12%        N/A       45%         4
 Summon Ice Beast         Ice/Summ       2%         N/A       86%         4
 Summon Mana Viper        Hex/Summ       2%         N/A       99%         5
 Monstrous Menagerie      Summ           1%         N/A       100%        7
 Chain Lightning          Conj/Air       2%         3d2       100%        9
 Fire Storm               Conj/Fire      2%         8d1       100%        9
 Shatter                  Erth           9%         3d11*     100%        9


Dungeon Overview and Level Annotations

Branches:
Dungeon (5/15)
 Temple: D:4-7

Altars:
Vehumet

Annotations:
D:3 exclusion: statue


Innate Abilities, Weirdness & Mutations

You are immune to sickness and miasma.
Your stone body is resilient. (AC +3)
You are immune to poison.
You resist negative energy. (rN+)
You are resistant to electric shocks. (rElec)
You are resistant to unholy torment.
You are immune to petrification.


Message History

Press: ? - help, Shift-Dir - straight line, f - orc
Aim: an orc, wielding a +0 dagger and wearing a +0 ring mail (almost dead, very poisoned, 84% to hit)
Okay, then.
Unknown command.
The orc hits you with a +0 dagger. The orc attacks as it pursues you!
The orc hits you with a +0 dagger.
You see here a +0 dagger.
The orc attacks as it pursues you! The orc barely misses you.
You kill the orc!
Vehumet accepts your kill.
Casting: Sandblast (safe; 2% risk of failure)
Confirm with . or Enter, or press ? or * to list all spells.
Aiming: Sandblast (safe; 2% risk of failure)
Press: ? - help, Shift-Dir - straight line, f - ice beast
Aim: an ice beast (82% to hit)
The blast of sand hits the ice beast.
The ice beast is moderately wounded.
Casting: Sandblast (safe; 2% risk of failure)
Confirm with . or Enter, or press ? or * to list all spells.
Aiming: Sandblast (safe; 2% risk of failure)
Press: ? - help, Shift-Dir - straight line, f/p - ice beast
Aim: an ice beast (moderately wounded, 82% to hit)
The blast of sand hits the ice beast.
The ice beast is moderately wounded.
The ice beast hits you. The ice beast freezes you!
Ouch! That really hurt!
* * * LOW HITPOINT WARNING * * *
The ice beast closely misses you.
Casting: Sandblast (safe; 2% risk of failure)
Confirm with . or Enter, or press ? or * to list all spells.
Aiming: Sandblast (safe; 2% risk of failure)
Press: ? - help, Shift-Dir - straight line, f/p - ice beast
Aim: an ice beast (moderately wounded, 82% to hit)
The blast of sand hits the ice beast!
The ice beast is severely wounded.
The ice beast hits you.
* * * LOW HITPOINT WARNING * * *
The ice beast freezes you!
Ouch! That really hurt!
You die...

########
#..).Y@##
#.####..### #
#.# ###...##
##~#.#.#####..#
#.~#.#..# ##.##
#.~#.#.~# #..#
#~.#.#..# ##†#
#~~#.#~.# #.#
##### #~ #.# .#
#.###.....


You could see an ice beast.

Vanquished Creatures
  An iguana (D:5)
  A dart slug (D:2)
  2 orcs (D:5)
  3 bats
  4 endoplasms
  2 giant cockroaches
  5 hobgoblins
  7 jackals (D:2)
  A quokka (D:2)
  3 goblins
  2 kobolds
31 creatures vanquished.

Notes
Turn   | Place    | Note
-------+----------+-------------------------------------------
     0 | D:1      | Essalna the Gargoyle Earth Elementalist began the quest for
                  | the Orb.
     0 | D:1      | Reached XP level 1. HP: 10/10 MP: 3/3
   135 | D:1      | Reached skill level 1 in Transmutations
   172 | D:1      | Reached XP level 2. HP: 15/15 MP: 3/5
   233 | D:1      | Reached skill level 4 in Earth Magic
   817 | D:2      | Reached XP level 3. HP: 17/19 MP: 0/6
  1275 | D:2      | Learned a level 3 spell: Stone Arrow
  1455 | D:3      | Found a radiant altar of Vehumet.
  1455 | D:3      | Noticed a charred statue
  1461 | D:3      | Became a worshipper of Vehumet
  1534 | D:3      | You fall into a shaft and drop 2 floors!
  1534 | D:5      | Entered Level 5 of the Dungeon
  1553 | D:5      | Reached XP level 4. HP: 13/24 MP: 1/8
  1663 | D:5      | Noticed an ice beast
  1699 | D:5      | HP: 1/24 [ice beast (1)]
  1699 | D:5      | Mangled by an ice beast

Illustrated notes

Levels and vault maps discovered:
D:1:      psy_arrival_dodecagon, layout_loops_ring,
          chequers_serial_rivers_micro_e, st_stairs_14, minivault_14
D:2:      layout_basic, minmay_tripent
D:3:      layout_rooms, kennysheep_vampire_church, vehumet_statue,
          shapermc_ecumenical_altar_starsandcircs
D:5:      layout_rooms, serial_aquarium, aquarium_bridge_square
          [aquarium_subvault_wall, aquarium_subvault_bridge,
          aquarium_subvault_wall, aquarium_subvault_bridge],
          aquarium_window_double, aquarium_window_1, aquarium_window_corridor_3,
          aquarium_view_2c, aquarium_view_2c, aquarium_balcony_1b,
          aquarium_pool_five

Skill      XL: |  1  2 |
---------------+-------+-----
Transmutations | 1 |  1.0
Earth Magic    | 4 |  4.7
Fighting       | |  0.8
Dodging        | |  1.5
Stealth        | |  2.1
Spellcasting   | |  2.9
Conjurations   | |  0.8

Action                     |  1- 3 |  4- 6 || total
---------------------------+-------+-------++-------
  Melee: Unarmed           |     6 |       ||     6
         Dagger            |    10 |     3 ||    13
   Cast: Sandblast         |    39 |     4 ||    43
 Armour: Robe              |    20 |     6 ||    26
  Dodge: Dodged            |    21 |     4 ||    25

Table legend: (Time is in decaauts)
 A = Elapsed time spent in this place.
 B = Non-inter-level travel time spent in this place.
 C = Inter-level travel time spent in this place.
 D = Time resting spent in this place.
 E = Time spent auto-exploring this place.
 F = Levels seen in this place.
 G = Mean time per level.
                   A        B        C        D        E       F      G
               +--------+--------+--------+--------+--------+-----+--------+
         Total |   1718 |   1648 |     70 |      0 |   1402 |   4 |  429.5 |
       Dungeon |   1718 |   1648 |     70 |      0 |   1402 |   4 |  429.5 |
               +--------+--------+--------+--------+--------+-----+--------+

Top non-repeatable levels by time:
     D:2: 744 daAuts
     D:1: 671 daAuts
     D:5: 169 daAuts
     D:3: 133 daAuts
